 Dungeon Crawl Stone Soup version 0.20.1-1-g8b1a95d (webtiles) character file.

304 equalderp2856 the Covered (level 6, -13/53 HPs)
             Began as a Minotaur Fighter on Oct 14, 2017.
             Killed from afar by Ymberti's ghost (31 damage)
             ... with a fireball
             ... on level 5 of the Dungeon.
             The game lasted 00:07:45 (3119 turns).

equalderp2856 the Covered (Minotaur Fighter)        Turns: 3119, Time: 00:07:46

Health: -13/53     AC:  7    Str: 21    XL:     6   Next: 15%
Magic:  14/14      EV:  8    Int:  5    God:
Gold:   196        SH:  9    Dex: 11    Spells: 5/5 levels left

rFire    . . .     SeeInvis .   a - +0 war axe
rCold    . . .     Gourm    .   c - +0 shield
rNeg     . . .     Faith    .   b - +0 scale mail
rPois    .         Spirit   .   (helmet restricted)
rElec    .         Reflect  .   (no cloak)
rCorr    .         Harm     .   (no gloves)
MR       .....                  (no boots)
Stlth    ..........             (no amulet)
Regen    0.2/turn               p - ring of magical power
MPRegen  0.2/turn               (no ring)

@: starving, drained
A: retaliatory headbutt, horns 2
a: no special abilities


You were on level 5 of the Dungeon.
You were starving.

You visited 1 branch of the dungeon, and saw 5 of its levels.

You collected 196 gold pieces.

Inventory:

Hand Weapons
 a - a +0 war axe (weapon)
Armour
 b - a +0 scale mail (worn)
 c - a +0 shield (worn)
Jewellery
 e - an uncursed amulet of harm
 p - a ring of magical power (left hand)
 x - a cursed ring of loudness {unknown}
Wands
 o - a wand of random effects (18/48)
Scrolls
 g - a scroll of enchant weapon {unknown}
 h - 2 scrolls of remove curse {unknown}
 i - 2 scrolls of identify {unknown}
 j - a scroll of fog {unknown}
 n - a scroll of magic mapping {unknown}
 q - 2 scrolls of noise {unknown}
 s - a scroll of amnesia {unknown}
 t - a scroll of teleportation {unknown}
 u - a scroll of recharging {unknown}
Potions
 d - a potion of might
 k - a potion of lignification {unknown}
 l - a potion of mutation {unknown}
 m - 2 potions of curing
 v - a potion of brilliance {unknown}
 w - 2 potions of heal wounds {unknown}
Comestibles
 f - 2 bread rations
 r - a royal jelly


   Skills:
 + Level 4.4(3.9) Fighting
 + Level 5.1(4.6) Axes
 + Level 5.1(4.6) Armour
 + Level 1.4(0.9) Dodging
 + Level 0.6(0.2) Stealth
 + Level 4.6(4.1) Shields


You had 5 spell levels left.
You didn't know any spells.

Dungeon Overview and Level Annotations

Branches:
Dungeon (5/15)
 Temple: D:4-7

Altars:
Cheibriados
Kikubaaqudgha
Nemelex Xobeh

Annotations:
D:3 kalagan's ghost, novice OpVM
D:4 Irenicus's ghost, novice DDFi
D:5 Ymberti's ghost, novice DEFE


Innate Abilities, Weirdness & Mutations

You reflexively headbutt those who attack you in melee.
You have a pair of horns on your head.


Message History

You see here a short sword.
Items here: )) [[ รทรท You see here a short sword.
You open the door.
There is an open door here.
You open the door.
Ymberti's ghost turns its malevolent gaze towards you.
Ymberti's ghost gestures at you while chanting.
The puff of flame hits you!
There is an open door here.
Ymberti's ghost grins evilly.
Ymberti's ghost hits you. Ymberti's ghost hits you.
Unknown command.
Ymberti's ghost points at you and mumbles some strange words.
The flame tongue hits you!
Ymberti's ghost gestures at you while chanting.
The fireball explodes!
The fireball engulfs you!
Ouch! That really hurt!
You die...

#.........#
####'##+###
#........#
#........#
#........#
#...##...#
########'## ...
#.....# ....
#....@#####+#....
+................
#......W.........
#................
#................
#................
#..######'###....
#####.....#.....#
...
#...##....'.....#


You could see Ymberti's ghost.

Vanquished Creatures
  A howler monkey (D:4)
  An orc priest (D:5)
  A centaur skeleton (D:4)
  Terence (D:2)
  2 worker ants
  8 adders
  An ooze (D:4)
  2 dart slugs
  A leopard gecko (D:4)
  5 orcs
  2 giant cockroaches
  7 goblins
  6 hobgoblins
  5 jackals (D:2)
  2 bats
  2 frilled lizards
  5 kobolds
  11 rats
63 creatures vanquished.

Notes
Turn   | Place    | Note
-------+----------+-------------------------------------------
     0 | D:1      | equalderp2856 the Minotaur Fighter began the quest for the Orb.
     0 | D:1      | Reached XP level 1. HP: 19/19 MP: 0/0
   155 | D:1      | Reached XP level 2. HP: 27/27 MP: 1/1
   711 | D:2      | Reached XP level 3. HP: 27/33 MP: 2/2
   806 | D:2      | Noticed Terence
   825 | D:2      | Killed Terence
   837 | D:2      | Reached XP level 4. HP: 31/40 MP: 3/3
   941 | D:2      | Found a sparkling altar of Nemelex Xobeh.
  1428 | D:3      | Found a snail-covered altar of Cheibriados.
  1455 | D:3      | Noticed kalagan's ghost (novice OpVM)
  1750 | D:3      | Found an ancient bone altar of Kikubaaqudgha.
  1836 | D:3      | Reached XP level 5. HP: 38/46 MP: 4/4
  2103 | D:4      | Reached skill level 1 in Dodging
  2437 | D:4      | Reached skill level 5 in Axes
  2453 | D:4      | Noticed Irenicus's ghost (novice DDFi)
  2476 | D:5      | Entered Level 5 of the Dungeon
  2505 | D:5      | Noticed Ymberti's ghost (novice DEFE)
  2577 | D:4      | Reached XP level 6. HP: 22/53 MP: 5/5
  2858 | D:5      | Reached skill level 5 in Armour
  3119 | D:5      | Killed from afar by Ymberti's ghost

Skill      XL: |  1  2  3  4  5  6 |
---------------+-------------------+-----
Shields        | 4 |  4.6
Armour         | 4 5 |  5.1
Fighting       | 4 |  4.4
Axes           | 3 4 5 |  5.1
Dodging        | 1 |  1.4
Stealth        | |  0.6

Action                   |  1- 3 |  4- 6 || total
-------------------------+-------+-------++-------
Melee: War axe           |    63 |   114 ||   177
       Headbutt          |    13 |    14 ||    27
  Use: Potion            |       |     1 ||     1
  Eat: Chunk             |       |     5 ||     5
Armor: Scale mail        |    19 |    47 ||    66
Dodge: Dodged            |    16 |    33 ||    49
Block: Shield            |    32 |    57 ||    89
